 Dungeon Crawl Stone Soup version 0.31-a0-819-gf6de2f5ab6 (webtiles) character file.

Game seed: 4951966982905159085

131 DApurpleWHUMPUS the Conjurer (level 4, 0/24 HPs)
             Began as a Deep Elf Conjurer on Sept 24, 2023.
             Slain by Sigmund
             ... wielding a +0 scythe
              (8 damage)
             ... on level 2 of the Dungeon.
             The game lasted 00:03:25 (2103 turns).

DApurpleWHUMPUS the Conjurer (Deep Elf Conjurer)    Turns: 2103, Time: 00:03:26

Health: 0/24       AC:  2    Str:  4    XL:     4   Next: 91%
Magic:  9/13       EV: 12    Int: 25    God:
Gold:   137        SH:  0    Dex: 13    Spells: 7/13 levels left

rFire   . . .        (no weapon)
rCold   . . .        (no shield)
rNeg    . . .        a - +0 robe
rPois   .            (no helmet)
rElec   .            (no cloak)
rCorr   .            (no gloves)
SInv    .            (no boots)
Will    .....        (no amulet)
Stlth   ++           (no ring)
HPRegen 0.24/turn    (no ring)
MPRegen 0.13/turn

%: no passive effects
@: no status effects
A: no striking features
a: no special abilities


You were on level 2 of the Dungeon.
You visited 1 branch of the dungeon, and saw 2 of its levels.

You collected 137 gold pieces.

Inventory:

Armour
 a - a +0 robe (worn)
Wands
 k - a wand of mindburst (8)
Scrolls
 e - 2 scrolls of teleportation {unknown}
 g - a scroll of revelation {unknown}
 h - a scroll of vulnerability {unknown}
 l - a scroll of noise {unknown}
Potions
 b - a potion of magic
 c - 3 potions of curing {unknown}
 d - a potion of lignification {unknown}
 f - a potion of attraction {unknown}
 i - a potion of heal wounds {unknown}
 j - 2 potions of brilliance {unknown}


   Skills:
 - Level 2.4 Dodging
 - Level 2.4 Stealth
 + Level 5.3 Spellcasting
 + Level 5.8 Conjurations


You had 7 spell levels left.
You knew the following spells:

 Your Spells              Type           Power      Damage    Failure   Level
a - Magic Dart            Conj           100%       1d8       1%          1
b - Dazzling Flash        Conj/Hex       42%        N/A       8%          3
c - Searing Ray           Conj           70%        2d7       1%          2

Your spell library contained the following spells:

 Spells                   Type           Power      Damage    Failure   Level
 Ignite Poison            Fire/Tmut/Pois 6%         N/A       24%         3
 Fulminant Prism          Conj/Hex       10%        3d9       24%         4
 Iskenderun's Mystic Bla  Conj/Tloc      21%        2d6       24%         4
 Sticky Flame             Conj/Fire      21%        2d4       24%         4
 Olgreb's Toxic Radiance  Pois           6%         N/A       61%         4
 Discord                  Hex            3%         N/A       100%        8
 Ignition                 Fire           3%         3d4       100%        8


Dungeon Overview and Level Annotations

Branches:
Dungeon (2/15)

Altars:

Annotations:
D:2 Sigmund


Message History

You're too confused to cast spells.
Okay, then.
You are too confused!
You bump into the rock wall.
You feel less confused.
Sigmund mumbles some strange words.
Sigmund flickers and vanishes!
Deactivating autopickup; reactivate with Ctrl-A.
Casting: Searing Ray (safe; 1% risk of failure)
Confirm with . or Enter, or press ? or * to list all spells.
You can't see any susceptible monsters within range! (Use Z to cast anyway.)
Something hits you but does no damage.
There is a strange disturbance nearby!
Casting: Searing Ray (safe; 1% risk of failure)
Confirm with . or Enter, or press ? or * to list all spells.
You can't see any susceptible monsters within range! (Use Z to cast anyway.)
Casting: Searing Ray (safe; 1% risk of failure)
Confirm with . or Enter, or press ? or * to list all spells.
Aiming: Searing Ray (safe; 1% risk of failure)
Press: ? - help, Shift-Dir - straight line The searing ray hits something. (Press . to maintain the ray.)
Something hits you but does no damage.
The searing ray hits something.
Something barely misses you.
The searing ray hits something.
You finish channelling your searing ray.
Something hits you!
You hear some strange, mumbled words.
Something tries to affect you, but you resist.
Casting: Searing Ray (safe; 1% risk of failure)
Confirm with . or Enter, or press ? or * to list all spells.
You don't know that spell.
Something hits you!
* * * LOW HITPOINT WARNING * * *
Casting: Searing Ray (safe; 1% risk of failure)
Confirm with . or Enter, or press ? or * to list all spells.
Okay, then.
There is a strange disturbance nearby!
Something hits you!
You die...

.. #.#.#.###.#.###).########
... #.#.#.....#..............
5...
#...#.###################
#...#.#.......#........#.
#.#..##.#####.#.######.#.
#.#...........#.######'#'
#.##.##.#######..........
#.##...).................
#.##..##@#######.........
#.##..##.....<..........#
#.#.....)......#.##......
#####'#'#...†..)#............
#[........###.#.##.#.#.......
#.........# #...#..#.#.......
#....÷.)..####..#.##.#.......
#.....)..............#.......
#............####.##>........


There were no monsters in sight!

Vanquished Creatures
  An orc priest (D:2)
  Robin (D:2)
  3 adders (D:2)
  A worm (D:2)
  3 dart slugs (D:1)
  5 orcs (D:2)
  A ball python (D:1)
  3 endoplasms
  A giant cockroach (D:2)
  14 goblins
  4 hobgoblins
  5 bats
  2 frilled lizards
  3 kobolds
  3 rats (D:1)
50 creatures vanquished.

Notes
Turn   | Place    | Note
-------+----------+-------------------------------------------
     0 | D:1      | DApurpleWHUMPUS the Deep Elf Conjurer began the quest for
                  | the Orb.
     0 | D:1      | Reached XP level 1. HP: 10/10 MP: 6/6
   348 | D:1      | Reached XP level 2. HP: 15/15 MP: 5/8
   942 | D:2      | Reached skill level 5 in Conjurations
   942 | D:2      | Reached XP level 3. HP: 19/19 MP: 4/10
  1088 | D:2      | Learned a level 3 spell: Dazzling Flash
  1091 | D:2      | Learned a level 2 spell: Searing Ray
  1278 | D:2      | Reached XP level 4. HP: 12/24 MP: 1/12
  1426 | D:2      | Reached skill level 5 in Spellcasting
  1917 | D:2      | Noticed Robin
  1922 | D:2      | Killed Robin
  2066 | D:2      | Noticed Sigmund
  2103 | D:2      | Slain by Sigmund

Illustrated notes

Levels and vault maps discovered:
D:1:      dpeg_arrival_three_same_balls, layout_loops_ring
D:2:      cheibrodos_pilgrimage, layout_basic, feat_on_display, uniq_robin,
          uniq_sigmund

Skill      XL: |  1  2  3  4 |
---------------+-------------+-----
Spellcasting   | 4 5 |  5.3
Conjurations   | 5 |  5.8
Dodging        | |  2.4
Stealth        | |  2.4

Action                     |  1- 3 |  4- 6 || total
---------------------------+-------+-------++-------
   Cast: Magic Dart        |    59 |    36 ||    95
         Searing Ray       |       |     3 ||     3
 Armour: Robe              |     2 |     9 ||    11
  Dodge: Dodged            |     2 |     5 ||     7

Table legend: (Time is in decaauts)
 A = Elapsed time spent in this place.
 B = Non-inter-level travel time spent in this place.
 C = Inter-level travel time spent in this place.
 D = Time resting spent in this place.
 E = Time spent auto-exploring this place.
 F = Levels seen in this place.
 G = Mean time per level.
                   A        B        C        D        E       F      G
               +--------+--------+--------+--------+--------+-----+--------+
         Total |   2102 |   2076 |     26 |    368 |   1469 |   2 | 1051.0 |
       Dungeon |   2102 |   2076 |     26 |    368 |   1469 |   2 | 1051.0 |
               +--------+--------+--------+--------+--------+-----+--------+

Top non-repeatable levels by time:
     D:2: 1180 daAuts
     D:1: 922 daAuts
